 Dungeon Crawl Stone Soup version 0.17.0-18-gaab0e96 (console) character file.

42 gw the Conjurer (level 3, 0/27 HPs)
             Began as a Demigod Conjurer on Nov 11, 2015.
             Slain by an orc wizard
             ... wielding a +0 dagger
              (4 damage)
             ... on level 3 of the Dungeon.
             The game lasted 00:01:32 (2221 turns).

gw the Conjurer (Demigod Conjurer)                  Turns: 2221, Time: 00:01:32

Health: 0/27       AC:  4    Str: 11    XL:     3   Next: 17%
Magic:  0/9        EV: 12    Int: 21    God:
Gold:   119        SH:  0    Dex: 16    Spells: 3 memorised, 0 levels left

rFire  . . .     SeeInvis .     b - +0 dagger
rCold  . . .     Clarity  .     a - +0 robe
rNeg   . . .     SustAt   +     (no shield)
rPois  .         Gourm    .     i - +0 helmet
rElec  .         Spirit   +     h - +0 cloak
rCorr  .         Warding  .     (no gloves)
rMut   .         Stasis   .     (no boots)
MR     .....                    f - amulet of guardian spirit
Stlth  ++........               (no ring)
                                (no ring)

@: slowed, very slow, not resistant to hostile enchantments, unstealthy
A: high mp 1, sustain attributes
a: no special abilities


You were on level 3 of the Dungeon.
You were not hungry.

You visited 1 branch of the dungeon, and saw 3 of its levels.

You collected 119 gold pieces.

Inventory:

Hand Weapons
 b - a +0 dagger (weapon)
Missiles
 e - 98 stones (quivered)
 g - 21 arrows
Armour
 a - a +0 robe (worn)
 h - a +0 cloak (worn)
 i - a +0 helmet (worn)
Jewellery
 f - an amulet of guardian spirit (around neck)
Books
 d - a book of Conjurations

   Spells                             Type                      Level
   a - Magic Dart                     Conjuration                  1
   b - Searing Ray                    Conjuration                  2
   c - Dazzling Spray                 Conjuration/Hexes            3
   d - Fulminant Prism                Conjuration/Hexes            4
   e - Iskenderun's Mystic Blast      Conjuration                  4
   f - Iskenderun's Battlesphere      Conjuration/Charms           5
 j - a Necronomicon

   Spells                             Type                      Level
   a - Haunt                          Necromancy/Summoning         7
   b - Borgnjor's Revivification      Necromancy                   8
   c - Death's Door                   Charms/Necromancy            8
   d - Necromutation                  Transmutation/Necromancy     8
Comestibles
 c - 2 bread rations


   Skills:
 + Level 0.8 Fighting
 + Level 0.5 Short Blades
 + Level 1.0 Armour
 - Level 1.7 Dodging
 - Level 1.7 Stealth
 * Level 2.3 Spellcasting
 + Level 3.8 Conjurations


You couldn't memorise any spells.
You knew the following spells:

 Your Spells              Type           Power        Failure   Level  Hunger
a - Magic Dart            Conj           ###.         3%          1    #......
b - Searing Ray           Conj           ###...       6%          2    ##.....
c - Dazzling Spray        Conj/Hex       ##......     24%         3    ###....


Dungeon Overview and Level Annotations

Branches:
Dungeon (3/15)


Innate Abilities, Weirdness & Mutations

You have an increased reservoir of magic (+10% MP).
Your attributes are resistant to harm.


Message History

The orc wizard is heavily wounded.
The orc wizard casts a spell at you.
You feel yourself slow down.
Unknown command.
Unknown command.
Unknown command.
Unknown command.
ATTACK MOVE TO (0,-1)
You hit the orc wizard.
The orc wizard is heavily wounded.
The orc wizard hits you but does no damage.
Unknown command.
Unknown command.
Unknown command.
Unknown command.
ATTACK MOVE TO (0,-1)
You hit the orc wizard but do no damage.
The orc wizard is heavily wounded.
The orc wizard hits you with a dagger.
You die...

...........##.........#.##
...........##.####.##.....
..........<.............##
...........##.............
.......%...##...###.#.....
...........##.#..##.....).
..#.......##.##..........
#######.o..#.............
........p.......##.......
#######......##....######
#................
...####........ ..#
..##.#... . ### ..... .#..
# .


You could see an orc wizard.

Table legend:
 A = Turns spent in this place as a percentage of turns spent in the entire game.
 B = Non-inter-level travel turns spent in this place as a percentage of non-inter-level travel turns spent in the entire game.
 C = Inter-level travel turns spent in this place as a percentage of turns spent in this place.
 D = Turns resting spent in this place as a percentage of non-inter-level travel turns spent in this place.
 E = Turns spent auto-exploring this place as a percentage of non-inter-level travel turns spent in this place.
 F = Non-inter-level travel turns spent in this place divided by the number of levels of this place that you've seen.
                   A       B       C       D       E      F
               +-------+-------+-------+-------+-------+----------------------
         Total | 100.0 | 100.0 |   0.7 |   2.9 |   3.3 | 730.3
       Dungeon | 100.0 | 100.0 |   0.7 |   2.9 |   3.3 | 730.3
               +-------+-------+-------+-------+-------+----------------------

Table legend:
 A = Kills in this place as a percentage of kills in entire the game.
 B = Kills by you in this place as a percentage of kills by you in the entire game.
 C = Kills by friends in this place as a percentage of kills by friends in the entire game.
 D = Other kills in this place as a percentage of other kills in the entire game.
 E = Experience gained in this place as a percentage of experience gained in the entire game.
 F = Experience gained in this place divided by the number of levels of this place that you have seen.
                   A       B       C       D       E      F
               +-------+-------+-------+-------+-------+----------------------
         Total | 100.0 | 100.0 |  -nan |  -nan | 100.0 |  20.0
       Dungeon | 100.0 | 100.0 |  -nan |  -nan | 100.0 |  20.0
               +-------+-------+-------+-------+-------+----------------------

Vanquished Creatures
  An ooze (D:1)
  A worm (D:3)
  2 giant geckos
  2 orcs (D:3)
  A giant cockroach (D:2)
  6 goblins
  5 hobgoblins
  2 jackals (D:1)
  3 bats (D:1)
  4 kobolds (D:1)
  3 rats
30 creatures vanquished.

Notes
Turn   | Place    | Note
--------------------------------------------------------------
     0 | D:1      | gw the Demigod Conjurer began the quest for the Orb.
     0 | D:1      | Reached XP level 1. HP: 14/14 MP: 5/5
   679 | D:1      | Found a sparkling altar of Nemelex Xobeh.
   724 | D:1      | Reached XP level 2. HP: 19/22 MP: 0/7
   792 | D:1      | Learned a level 2 spell: Searing Ray
   911 | D:1      | Reached skill level 1 in Armour
  1740 | D:2      | Reached XP level 3. HP: 27/27 MP: 5/9
  1778 | D:2      | Learned a level 3 spell: Dazzling Spray
  2221 | D:3      | Slain by an orc wizard

Action                   || total
-------------------------++-------
Melee: Dagger            ||     9
 Cast: Magic Dart        ||    65
       Dazzling Spray    ||     3
  Eat: Chunk             ||     5

Vault maps used:
D:1:      dpeg_cavernosity, nemelex_altar_shiori
D:2:      first_bread
